[Event "International chess holiday K11"]
[Site "Praha"]
[Date "2012.07.19"]
[Round "7"]
[White "Schunke, Oliver"]
[Black "Plesník, Miroslav"]
[Result "1/2-1/2"]
[ECO "E17"]
[WhiteElo "1834"]
[BlackElo "1907"]
[Annotator ",Martin"]
[PlyCount "21"]
[TimeControl "240+2"]

1. d4 d5 2. g3 Nf6 3. Bg2 e6 4. Nf3 Be7 5. O-O O-O 6. b3
b6 7. c4 Bb7 8. Nbd2 Nbd7 9. Bb2 c5 10. e3 Re8 11. Rc1 1/2-1/2

[Event "International chess holiday K11"]
[Site "Praha"]
[Date "2012.07.19"]
[Round "7"]
[White "Hadžala, Daniel"]
[Black "Forman, Miroslav"]
[Result "1-0"]
[ECO "A48"]
[WhiteElo "2126"]
[BlackElo "1919"]
[Annotator ",Martin"]
[PlyCount "53"]
[TimeControl "240+2"]

1. Nf3 g6 2. d4 Bg7 3. Bf4 Nf6 4. h3 O-O 5. e3 d6 6. Nbd2
c6 7. Be2 Nbd7 8. O-O Re8 9. c3 Nh5 10. Bh2 e5 11. dxe5 dxe5 12. Nc4 Qe7 13.
Nd6 Rf8 14. a4 Nhf6 15. Nxc8 Raxc8 16. Qc2 a5 17. Rfd1 Rcd8 18. Nd2 Nd5 19. Nc4
b6 20. Rd2 f5 21. Rad1 Qc5 22. Bf1 Kh8 23. e4 fxe4 24. Qxe4 Rde8 25. Qh4 Bf6
26. Qg4 Bg7 27. Qxd7 1-0

[Event "International chess holiday K11"]
[Site "Praha"]
[Date "2012.07.19"]
[Round "7"]
[White "Ruell, Michael"]
[Black "Bjerre, Tavs"]
[Result "1/2-1/2"]
[ECO "B50"]
[WhiteElo "1828"]
[BlackElo "1990"]
[Annotator ",Martin"]
[PlyCount "42"]
[TimeControl "240+2"]

1. e4 c5 2. Nf3 d6 3. c3 Nf6 4. Na3 Nbd7 5. Qa4 a6 6. e5
dxe5 7. Nxe5 Rb8 8. Bxa6 bxa6 9. Nc6 Qc7 10. Nxb8 Qe5+ 11. Kd1 Qxb8 12. d3 e6
13. Nc4 Be7 14. Be3 O-O 15. Kc2 Rd8 16. Rad1 Bb7 17. f3 Qc7 18. Bf2 Nd5 19. Bg3
Qc6 20. Qxc6 Bxc6 21. Rhe1 Rc8 1/2-1/2

[Event "International chess holiday K11"]
[Site "Praha"]
[Date "2012.07.19"]
[Round "7"]
[White "Franìk, Jan"]
[Black "Vítek, Jan"]
[Result "1-0"]
[ECO "C06"]
[WhiteElo "1965"]
[BlackElo "1970"]
[Annotator ",Martin"]
[PlyCount "47"]
[TimeControl "240+2"]

1. e4 e6 2. d4 d5 3. Nd2 Nf6 4. e5 Nfd7 5. Bd3 c5 6. c3
Nc6 7. Ngf3 Qb6 8. O-O cxd4 9. cxd4 Nxd4 10. Nxd4 Qxd4 11. Nf3 Qb6 12. Qa4 Bc5
13. Rb1 Qb4 14. Qc2 Bb6 15. Bd2 Qe7 16. Qa4 Kd8 17. b4 f6 18. Rfe1 fxe5 19. Bg5
Nf6 20. Nxe5 Bd7 21. b5 Qf8 22. Qh4 Kc8 23. Rbc1+ Bc5 24. Rxc5+ 1-0

[Event "International chess holiday M11"]
[Site "Praha"]
[Date "2012.07.19"]
[Round "8"]
[White "Gregor, Jiøí"]
[Black "Manigk, Sebastian"]
[Result "1-0"]
[ECO "E48"]
[WhiteElo "2265"]
[BlackElo "2175"]
[Annotator ",Martin"]
[PlyCount "102"]
[TimeControl "240+2"]

1. d4 Nf6 2. c4 e6 3. Nc3 Bb4 4. e3 c5 5. Bd3 Nc6 6. Nge2
d5 7. O-O dxc4 8. Bxc4 cxd4 9. exd4 O-O 10. a3 Be7 11. h3 a6 12. b4 b5 13. Ba2
Bb7 14. Be3 Bd6 15. Bg5 Ne7 16. Qd3 Ng6 17. f4 h6 18. f5 hxg5 19. fxg6 Bd5 20.
gxf7+ Rxf7 21. Qg6 Bxa2 22. Rxa2 Rc7 23. Ne4 Bf4 24. Nxf6+ Qxf6 25. Qe4 Rf8 26.
Rf3 Qh6 27. Ra1 Rcf7 28. Raf1 Rf6 29. g3 Bc7 30. Rxf6 Rxf6 31. Rxf6 Qxf6 32.
Qc6 Qf7 33. Qxa6 Qd7 34. Qa8+ Kf7 35. Qb7 Kf6 36. Kf2 Kf5 37. Kf3 Kg6 38. Ke4
e5 39. Kd3 Qf7 40. Qe4+ Kh6 41. dxe5 Qb3+ 42. Nc3 Qe6 43. Nxb5 Bxe5 44. Nd4
Qa6+ 45. Kd2 Bxd4 46. Qxd4 Qxa3 47. Qd6+ g6 48. Ke2 Qb2+ 49. Qd2 Qe5+ 50. Kf2
Qf5+ 51. Kg2 Qe4+ neèitelné 1-0

[Event "International chess holiday M11"]
[Site "Praha"]
[Date "2012.07.19"]
[Round "8"]
[White "Hába, Zdenìk"]
[Black "Beckmann, Klaus"]
[Result "1-0"]
[ECO "D36"]
[WhiteElo "2209"]
[BlackElo "2040"]
[Annotator ",Martin"]
[PlyCount "90"]
[TimeControl "240+2"]

1. d4 Nf6 2. c4 e6 3. Nc3 d5 4. cxd5 exd5 5. Bg5 Be7 6. e3
c6 7. Qc2 Nbd7 8. Bd3 Nh5 9. Bxe7 Qxe7 10. Nge2 Nb6 11. h3 g6 12. O-O-O Ng7 13.
Ng3 Be6 14. Kb1 O-O-O 15. Na4 Nxa4 16. Qxa4 Kb8 17. Rc1 Rc8 18. Rc3 Rc7 19.
Rhc1 Bd7 20. Ra3 b6 21. Rac3 Ne6 22. Qc2 f5 23. Ne2 Qd6 24. g3 Rhc8 25. h4 c5
26. dxc5 Rxc5 27. Qd2 Qe5 28. Rxc5 Rxc5 29. Rxc5 Nxc5 30. Nd4 Ne4 31. Bxe4 dxe4
32. Qb4 Qf6 33. Qc4 Qe7 34. Qg8+ Kb7 35. Qd5+ Kb8 36. a3 Ba4 37. h5 Be8 38. h6
Kc7 39. Ne6+ Kb8 40. Qe5+ Kc8 41. Qd5 Bf7 42. Qc6+ Kb8 43. Nd4 Qc7 44. Qxc7+
Kxc7 45. Nb5+ Kd7 1-0

[Event "International chess holiday K11"]
[Site "Praha"]
[Date "2012.07.19"]
[Round "8"]
[White "Bjerre, Tavs"]
[Black "Fitzke, Ulrich"]
[Result "1/2-1/2"]
[ECO "D30"]
[WhiteElo "1990"]
[BlackElo "2015"]
[Annotator ",Martin"]
[PlyCount "36"]
[TimeControl "240+2"]

1. d4 d5 2. c4 c6 3. Nf3 Nf6 4. e3 e6 5. b3 Be7 6. Bd3 O-O
7. O-O b6 8. Ne5 Bb7 9. Bb2 Nbd7 10. Nd2 c5 11. Qe2 cxd4 12. exd4 Rc8 13. Rad1
Bd6 14. Rfe1 Qe7 15. Bb1 Ba3 16. Bxa3 Qxa3 17. cxd5 Bxd5 18. Nxd7 Nxd7 1/2-1/2

[Event "International chess holiday K11"]
[Site "Praha"]
[Date "2012.07.19"]
[Round "8"]
[White "Plesník, Miroslav"]
[Black "Franìk, Jan"]
[Result "1/2-1/2"]
[ECO "A57"]
[WhiteElo "1907"]
[BlackElo "1965"]
[Annotator ",Martin"]
[PlyCount "39"]
[TimeControl "240+2"]

1. d4 c5 2. d5 Nf6 3. c4 b5 4. Nc3 b4 5. Na4 d6 6. b3 g6
7. Bb2 Bg7 8. e4 O-O 9. Bd3 Nbd7 10. Ne2 Nb6 11. Nxb6 axb6 12. O-O Bd7 13. f4
b5 14. Qc1 bxc4 15. bxc4 Qb6 16. Ng3 Bg4 17. e5 Ne8 18. exd6 exd6 19. Bxg7 Nxg7
20. f5 1/2-1/2

[Event "International chess holiday K11"]
[Site "Praha"]
[Date "2012.07.19"]
[Round "8"]
[White "Vítek, Jan"]
[Black "Hadžala, Daniel"]
[Result "0-1"]
[ECO "B07"]
[WhiteElo "1970"]
[BlackElo "2126"]
[Annotator ",Martin"]
[PlyCount "118"]
[TimeControl "240+2"]

1. e4 d6 2. Bc4 Nf6 3. d3 c6 4. c3 g6 5. Bb3 Bg7 6. Nf3
O-O 7. Nbd2 Qc7 8. Nf1 b5 9. Ng3 Nbd7 10. Bf4 Nc5 11. Bc2 e5 12. Bd2 d5 13.
exd5 cxd5 14. O-O Bb7 15. d4 exd4 16. cxd4 Nce4 17. Rc1 Nxd2 18. Qxd2 Qd6 19.
Ne5 Ne4 20. Qf4 Rae8 21. Nxe4 dxe4 22. Rfe1 Qxd4 23. Ng4 Qxb2 24. Nh6+ Bxh6 25.
Qxh6 e3 26. Qf4 exf2+ 27. Qxf2 Rxe1+ 28. Rxe1 Qxa2 29. Re7 Qd5 30. Bb3 Qxb3 31.
Rxb7 Qd1+ 32. Qf1 Qxf1+ 33. Kxf1 a6 34. Ra7 b4 35. Rxa6 Rb8 36. Ra2 Kg7 37. Ke2
Kf6 38. Kd3 b3 39. Rb2 Ke5 40. Kc3 Kf4 41. Rf2+ Kg4 42. Kb2 f5 43. Rf3 f4 44.
Rc3 Rb5 45. Rc4 g5 46. Rd4 h5 47. Rd3 Kf5 48. Rd4 g4 49. Rd8 Ke4 50. Re8+ Kd3
51. Re7 f3 52. gxf3 gxf3 53. Rd7+ Ke2 54. Re7+ Kf1 55. Rf7 f2 56. h4 Ke2 57.
Re7+ Kf3 58. Rf7+ Ke3 59. Re7+ Kf4 0-1

[Event "International chess holiday M11"]
[Site "Praha"]
[Date "2012.07.20"]
[Round "9"]
[White "Krtouš, Zdenìk"]
[Black "Žák, Zbynìk"]
[Result "1/2-1/2"]
[ECO "B14"]
[WhiteElo "2025"]
[BlackElo "2030"]
[Annotator ",Martin"]
[PlyCount "29"]
[TimeControl "240+2"]

1. e4 d5 2. exd5 Nf6 3. c4 c6 4. d4 cxd5 5. Nc3 e6 6. Nf3
Bb4 7. a3 Bxc3+ 8. bxc3 Qa5 9. Qc2 Nc6 10. Bd3 dxc4 11. Bxc4 b5 12. Ba2 Bb7 13.
O-O Ne7 14. Bd2 Ne4 15. Rfe1 1/2-1/2

[Event "International chess holiday M11"]
[Site "Praha"]
[Date "2012.07.20"]
[Round "9"]
[White "Manigk, Sebastian"]
[Black "Reichmann, Steffen"]
[Result "1-0"]
[ECO "A87"]
[WhiteElo "2175"]
[BlackElo "1954"]
[Annotator ",Martin"]
[PlyCount "81"]
[TimeControl "240+2"]

1. d4 g6 2. c4 Bg7 3. g3 d6 4. Bg2 f5 5. Nf3 Nf6 6. b3 O-O
7. Bb2 c6 8. Nbd2 Qc7 9. Qc2 Re8 10. O-O Nbd7 11. Rfe1 Nf8 12. e4 fxe4 13. Nxe4
Bf5 14. Nxf6+ exf6 15. Qd2 Rad8 16. d5 c5 17. Bc3 b6 18. Qf4 Rxe1+ 19. Rxe1 Qf7
20. Nd2 Bc8 21. Ne4 g5 22. Nxf6+ Kh8 23. Qxg5 h6 24. Qf4 Ng6 25. Qf3 Rf8 26.
Nh5 Bxc3 27. Qxc3+ Ne5 28. Nf4 Qg7 29. Qe3 Bg4 30. h3 Bd7 31. Ne6 Bxe6 32. dxe6
Re8 33. f4 Ng6 34. Bc6 Re7 35. Kh2 h5 36. Be4 h4 37. Bxg6 Qxg6 38. g4 Kg7 39.
f5 Qf6 40. Rf1 Kf8 41. g5 1-0

[Event "International chess holiday M11"]
[Site "Praha"]
[Date "2012.07.20"]
[Round "9"]
[White "Thomasson, Staffan"]
[Black "Hába, Zdenìk"]
[Result "0-1"]
[ECO "A10"]
[WhiteElo "1931"]
[BlackElo "2209"]
[Annotator ",Martin"]
[PlyCount "106"]
[TimeControl "240+2"]

1. Nf3 g6 2. c4 Bg7 3. e3 c5 4. Be2 Nf6 5. O-O O-O 6. d3
Nc6 7. Nbd2 d5 8. cxd5 Nxd5 9. a3 b6 10. Qc2 Bb7 11. Re1 Rc8 12. Rb1 h6 13. b3
Nc3 14. Bb2 Nxb1 15. Rxb1 e5 16. Rc1 Qd5 17. Qb1 Na5 18. Ba1 Rfe8 19. Qb2 Kh7
20. Ne1 Qd7 21. Rd1 f5 22. b4 cxb4 23. axb4 Nc6 24. Nc4 b5 25. Nd2 a6 26. Nc2
Qe7 27. Qb3 Rc7 28. Bc3 Rec8 29. Nb1 Nd8 30. Rc1 e4 31. d4 Qe6 32. Qb2 Bd5 33.
Nca3 Nb7 34. Nd2 Nd6 35. Bd1 Nc4 36. Naxc4 bxc4 37. Ra1 Rb7 38. Qa3 Bf8 39. Be2
Rb5 40. g3 Rcb8 41. Qc1 R8b7 42. Ra4 Bxb4 43. Kg2 a5 44. Qa1 g5 45. h3 f4 46.
Kh2 fxe3 47. fxe3 Rf7 48. Bg4 Qf6 49. Bxb4 Qf2+ 50. Kh1 axb4 51. Ra7 Qxd2 52.
Bf5+ Kg7 53. Qa6 Qe1+ 0-1

[Event "International chess holiday K11"]
[Site "Praha"]
[Date "2012.07.20"]
[Round "9"]
[White "Schunke, Oliver"]
[Black "Bjerre, Tavs"]
[Result "1/2-1/2"]
[ECO "A00"]
[WhiteElo "1834"]
[BlackElo "1990"]
[Annotator ",Martin"]
[PlyCount "28"]
[TimeControl "240+2"]

1. Nc3 c5 2. Nf3 Nc6 3. d4 cxd4 4. Nxd4 g6 5. g3 Bg7 6. e3
Qb6 7. Nde2 Nf6 8. Bg2 O-O 9. O-O d5 10. h3 Bd7 11. Kh2 Rac8 12. e4 Ne5 13. Rb1
Bc6 14. Nd4 Ned7 1/2-1/2

[Event "International chess holiday K11"]
[Site "Praha"]
[Date "2012.07.20"]
[Round "9"]
[White "Fitzke, Ulrich"]
[Black "Forman, Miroslav"]
[Result "1-0"]
[ECO "D38"]
[WhiteElo "2015"]
[BlackElo "1919"]
[Annotator ",Martin"]
[PlyCount "63"]
[TimeControl "240+2"]

1. d4 Nf6 2. c4 e6 3. Nc3 d5 4. Nf3 Nbd7 5. e3 Bb4 6. Bd2
c5 7. cxd5 exd5 8. dxc5 O-O 9. Be2 Bxc5 10. Na4 Be7 11. O-O Re8 12. Bc3 a6 13.
Bd4 b5 14. Nc3 Bb7 15. Rc1 Rc8 16. Rc2 b4 17. Na4 Qa5 18. b3 Rxc2 19. Qxc2 Rc8
20. Qb1 Qc7 21. Bd3 Ne4 22. Bb2 Bd6 23. Rc1 Qb8 24. Rxc8+ Qxc8 25. Bd4 Qc7 26.
Qc2 Qxc2 27. Bxc2 Bc6 28. Nb2 Nc3 29. Bxc3 bxc3 30. Nd1 Bb4 31. Nd4 Bb5 32. a4
1-0

[Event "International chess holiday M21"]
[Site "Praha"]
[Date "2012.07.22"]
[Round "1"]
[White "Gregor, Jiøí"]
[Black "Thomasson, Staffan"]
[Result "1-0"]
[ECO "B38"]
[WhiteElo "2281"]
[BlackElo "1931"]
[Annotator ",Martin"]
[PlyCount "88"]
[TimeControl "240+2"]

1. d4 g6 2. c4 Bg7 3. e4 c5 4. Nf3 cxd4 5. Nxd4 Nc6 6. Be3
d6 7. Nc3 Nf6 8. Be2 O-O 9. O-O Bd7 10. Rc1 Rb8 11. f3 Ne8 12. Nb3 b6 13. Qd2
Nc7 14. Rfd1 Bc8 15. Nd5 Re8 16. f4 Bb7 17. a3 Ne6 18. Bf3 Nc5 19. Na1 e6 20.
Nc3 Ne7 21. Bd4 Bh6 22. Bf6 Nd7 23. Bg5 Bxg5 24. fxg5 Ne5 25. Nb5 Nxf3+ 26.
gxf3 Nc8 27. Qf4 e5 28. Qe3 f5 29. gxf6 Qxf6 30. b4 Rf8 31. Rd3 a6 32. Nc3 Ne7
33. Ne2 Bc8 34. Nb3 g5 35. Rcd1 Ng6 36. Kh1 g4 37. Rf1 Nh4 38. f4 exf4 39. Rxf4
Qb2 40. Rxf8+ Kxf8 41. Qh6+ Kg8 42. Qxh4 Qb1+ 43. Nbc1 Be6 44. Qg5+ Kf7 1-0

[Event "International chess holiday M21"]
[Site "Praha"]
[Date "2012.07.22"]
[Round "1"]
[White "Aigner, Georg"]
[Black "Moravec, Vít"]
[Result "0-1"]
[ECO "B41"]
[WhiteElo "2007"]
[BlackElo "2141"]
[Annotator ",Martin"]
[PlyCount "104"]
[TimeControl "240+2"]

1. e4 c5 2. Nf3 e6 3. d4 cxd4 4. Nxd4 a6 5. Be2 Nf6 6. Qd3
Qc7 7. O-O d5 8. exd5 Nxd5 9. a3 Bd6 10. h3 Nd7 11. Nf3 O-O 12. c4 Nf4 13. Bxf4
Bxf4 14. Nc3 b6 15. b4 Bb7 16. Ne4 Rfd8 17. Qc2 Qc6 18. Bd3 f5 19. Nd4 Qc8 20.
Ng3 Ne5 21. Nge2 Bh6 22. Rfd1 Nxd3 23. Qxd3 e5 24. Qxf5 exd4 25. Nxd4 Qxf5 26.
Nxf5 Bg5 27. Re1 g6 28. Ne3 Rac8 29. Rad1 Rxd1 30. Rxd1 Rd8 31. Rc1 Kf7 32. c5
Bxe3 33. fxe3 bxc5 34. Rxc5 Rc8 35. Rxc8 Bxc8 36. Kf2 Ke6 37. Ke2 Kd5 38. Kd3
Bf5+ 39. Kc3 Ke4 40. Kd2 Bd7 41. Ke2 g5 42. Kf2 h5 43. Ke2 h4 44. Kf2 Bb5 45.
g3 Bd7 46. gxh4 gxh4 47. Ke2 Bc6 48. Kd2 Bb5 49. Kc3 Kxe3 50. Kb3 Bd7 51. a4
Bxh3 52. Kc4 Bf1+ 0-1

[Event "International chess holiday M21"]
[Site "Praha"]
[Date "2012.07.22"]
[Round "1"]
[White "Knechtel, Roland"]
[Black "Dalling, Petr"]
[Result "1-0"]
[ECO "D53"]
[WhiteElo "2189"]
[BlackElo "1958"]
[Annotator ",Martin"]
[PlyCount "99"]
[TimeControl "240+2"]

1. d4 Nf6 2. Nf3 d5 3. c4 e6 4. Bg5 Be7 5. Nc3 b6 6. cxd5
Nxd5 7. Bxe7 Qxe7 8. Rc1 O-O 9. g3 Bb7 10. Bg2 c6 11. O-O Nd7 12. Nxd5 exd5 13.
a3 c5 14. Nd2 Nf6 15. dxc5 bxc5 16. e3 Rac8 17. Qa4 Ba8 18. Rfd1 Rfd8 19. Qa5
h5 20. h3 d4 21. Bxa8 Rxa8 22. exd4 cxd4 23. Re1 Qd7 24. h4 Re8 25. b4 Qh3 26.
Qc5 Qg4 27. b5 Rec8 28. Qd6 Rd8 29. Qc6 Rac8 30. Qb7 Rxc1 31. Rxc1 Qe2 32. Rc8
Rxc8 33. Qxc8+ Kh7 34. Qf5+ Kg8 35. Qf4 d3 36. a4 Qd1+ 37. Kg2 Qc2 38. a5 Nd5
39. Qg5 Nc3 40. b6 axb6 41. axb6 f6 42. Qe3 Nd1 43. Qe8+ Kh7 44. Qxh5+ Kg8 45.
Qd5+ Kh7 46. b7 Ne3+ 47. fxe3 Qxd2+ 48. Kh3 Qe2 49. b8=Q Qf1+ 50. Qg2 1-0

[Event "International chess holiday M21"]
[Site "Praha"]
[Date "2012.07.22"]
[Round "1"]
[White "Michálek, František"]
[Black "Nilsson, Anders"]
[Result "0-1"]
[ECO "B15"]
[WhiteElo "2071"]
[BlackElo "2194"]
[Annotator ",Martin"]
[PlyCount "91"]
[TimeControl "240+2"]

1. e4 c6 2. Nc3 g6 3. d4 d5 4. h3 dxe4 5. Nxe4 Bg7 6. Nf3
Nf6 7. Bd3 O-O 8. O-O Nbd7 9. Re1 Nxe4 10. Bxe4 c5 11. c3 cxd4 12. Nxd4 Nc5 13.
Bc2 e5 14. Nf3 Qc7 15. Be3 Ne6 16. Qc1 Rd8 17. Bh6 f6 18. Bxg7 Kxg7 19. Qe3 Nf4
20. Rad1 Bd7 21. Rd2 Bc6 22. Red1 Rxd2 23. Rxd2 Rd8 24. Rxd8 Qxd8 25. Ne1 b6
26. f3 Bb5 27. a4 Bc4 28. b3 Ba6 29. c4 Qd6 30. Nd3 Ne6 31. a5 Nd4 32. Bd1 bxa5
33. f4 exf4 34. Nxf4 a4 35. Nd5 Qe5 36. bxa4 Bxc4 37. Qxe5 fxe5 38. Ne3 Be6 39.
Kf2 Kf6 40. Ke1 Kg5 41. Kf2 Kf4 42. Nc2 Nxc2 43. Bxc2 a5 44. g3+ Kg5 45. h4+
Kf6 46. Ke3 0-1

[Event "International chess holiday M21"]
[Site "Praha"]
[Date "2012.07.22"]
[Round "1"]
[White "Powierski, Emil"]
[Black "Hanko, Pavel"]
[Result "1-0"]
[ECO "B85"]
[WhiteElo "2136"]
[BlackElo "2169"]
[Annotator ",Martin"]
[PlyCount "72"]
[TimeControl "240+2"]

1. e4 c5 2. Nf3 e6 3. d4 cxd4 4. Nxd4 Nf6 5. Nc3 d6 6. Be2
Be7 7. O-O O-O 8. Be3 Nc6 9. f4 a6 10. Kh1 Qc7 11. Qe1 Nxd4 12. Bxd4 e5 13.
fxe5 dxe5 14. Qg3 Bd6 15. Be3 Ne8 16. Bd3 Be6 17. Qf3 Nf6 18. Bg5 Be7 19. Rae1
Rfd8 20. Qg3 Nh5 21. Qh4 Bxg5 22. Qxh5 Bd2 23. Nd5 Qd6 24. Rd1 Bh6 25. Bc4 Kh8
26. Bb3 b5 27. Rd3 a5 28. Nf4 Qc6 29. Nxe6 fxe6 30. Qxe5 a4 31. Qxe6 Qc5 32.
Bd5 Rab8 33. Rdf3 Bg5 34. b3 Qxc2 35. Qe5 h6 36. Qxg5 axb3 1-0

[Event "International chess holiday K21"]
[Site "Praha"]
[Date "2012.07.22"]
[Round "1"]
[White "Hadžala, Daniel"]
[Black "Schoenmakers, Nico"]
[Result "1/2-1/2"]
[ECO "A07"]
[WhiteElo "2126"]
[BlackElo "1916"]
[Annotator ",Martin"]
[PlyCount "83"]
[TimeControl "240+2"]

1. Nf3 d5 2. g3 c6 3. Bg2 Nf6 4. O-O e6 5. d3 Bd6 6. Nbd2
O-O 7. e4 Qc7 8. c3 Nbd7 9. Qc2 e5 10. a3 dxe4 11. dxe4 b5 12. c4 b4 13. axb4
Bxb4 14. b3 Nc5 15. Ba3 Bxa3 16. Rxa3 Bg4 17. Rfa1 Bxf3 18. Bxf3 Rfe8 19. Kg2
Ne6 20. c5 Nd4 21. Qa2 Re7 22. Nc4 Nb5 23. Ra6 Rd8 24. Nd6 Nxd6 25. cxd6 Qxd6
26. Rd1 Qb8 27. Rxa7 Rxa7 28. Qxa7 g6 29. Qxb8 Rxb8 30. Rd6 Kg7 31. Bd1 Rb6 32.
f3 Ne8 33. Rd3 Nc7 34. f4 exf4 35. gxf4 Ne6 36. Kf3 Rb4 37. Ke3 Kf6 38. Rc3 c5
39. Be2 Nd4 40. Rxc5 Nxe2 41. Kxe2 Rxb3 42. Rc6+ 1/2-1/2

[Event "International chess holiday K21"]
[Site "Praha"]
[Date "2012.07.22"]
[Round "1"]
[White "Pokorný, Jan"]
[Black "Powierski, Christian"]
[Result "1/2-1/2"]
[ECO "A04"]
[WhiteElo "1814"]
[BlackElo "1953"]
[Annotator ",Martin"]
[PlyCount "62"]
[TimeControl "240+2"]

1. Nf3 c5 2. b3 Nc6 3. Bb2 d6 4. e3 Bg4 5. Be2 Nf6 6. O-O
e6 7. c4 Be7 8. d4 cxd4 9. Nxd4 Bxe2 10. Qxe2 Nxd4 11. exd4 d5 12. Nd2 O-O 13.
f4 Rc8 14. Rf3 Bb4 15. Bc3 Bxc3 16. Rxc3 dxc4 17. Nf3 cxb3 18. Rxb3 Rc7 19. Rd1
Qc8 20. Qb2 Nd5 21. g3 Rc2 22. Qa3 a6 23. Rdb1 Nc3 24. R1b2 Nb5 25. Qb4 Rxb2
26. Rxb2 Rd8 27. a4 Nd6 28. Qc5 b5 29. Rc2 Nc4 30. axb5 Qxc5 31. dxc5 axb5 neèitelné
1/2-1/2

[Event "International chess holiday K21"]
[Site "Praha"]
[Date "2012.07.22"]
[Round "1"]
[White "Koper, Štefan"]
[Black "Krupièka, Josef"]
[Result "1-0"]
[ECO "D55"]
[WhiteElo "1960"]
[BlackElo "1879"]
[Annotator ",Martin"]
[PlyCount "82"]
[TimeControl "240+2"]

1. d4 d5 2. c4 e6 3. Nc3 Nf6 4. Bg5 Be7 5. e3 b6 6. Bxf6
Bxf6 7. cxd5 exd5 8. Nf3 O-O 9. Rc1 Bf5 10. Bd3 Bxd3 11. Qxd3 Re8 12. h4 c6 13.
g4 g6 14. g5 Bg7 15. Ne2 Qd6 16. Kf1 Nd7 17. h5 Rac8 18. hxg6 hxg6 19. Kg2 Nf8
20. Nf4 Ne6 21. Nxe6 Qxe6 22. Rh4 c5 23. Rch1 Qe7 24. R1h3 Rc6 25. Qd1 Qc7 26.
Qh1 Kf8 27. Rh7 cxd4 28. Rxg7 Kxg7 29. Nxd4 Kf8 30. Rf3 Ke7 31. Qh7 Rf8 32.
Nxc6+ Qxc6 33. Qg7 Qe6 34. Qd4 Rc8 35. Qb4+ Rc5 36. Qa4 a5 37. Rf6 Qe5 38. Qh4
Rc4 39. Qg3 Qxg3+ 40. Kxg3 Rc1 41. b3 b5 1-0

[Event "International chess holiday K21"]
[Site "Praha"]
[Date "2012.07.22"]
[Round "1"]
[White "Derfinak, Patrik"]
[Black "Schimmer, Michael"]
[Result "1/2-1/2"]
[ECO "B07"]
[WhiteElo "1992"]
[BlackElo "1884"]
[Annotator ",Martin"]
[PlyCount "121"]
[TimeControl "240+2"]

1. e4 d6 2. d4 Nf6 3.
Nc3 g6 4. f3 c6 5. Be3 Nbd7 6. Qd2 b5 7. d5 cxd5 8. Nxd5 a6 9. Ne2 Bg7 10. c3
O-O 11. Ng3 Bb7 12. Nxf6+ Nxf6 13. Bd3 Qc7 14. O-O d5 15. Qc2 Rac8 16. Rac1
Rfd8 17. Qf2 Rd7 18. Qc2 dxe4 19. Bxe4 Nxe4 20. Nxe4 Qc4 21. a3 Rd3 22. Rfe1
Bxe4 23. fxe4 Rcd8 24. Rcd1 Rxd1 25. Rxd1 Rxd1+ 26. Qxd1 Qxe4 27. Qd2 Bf6 28.
Bh6 e6 29. h3 Qd5 30. Qe2 Bg5 31. Bxg5 Qxg5 32. Kf2 Kg7 33. Qd1 Qd5 34. Qe2 e5
35. Qc2 f5 36. Qe2 Kf6 37. Qe3 Ke6 38. Qb6+ Qd6 39. Qe3 f4 40. Qe2 Qc5+ 41. Ke1
Qd5 42. a4 Qc4 43. Qg4+ Kd6 44. axb5 axb5 45. Qg5 Qe4+ 46. Kd2 Qe3+ 47. Kc2
Qe4+ 48. Kb3 Qd5+ 49. Kc2 Qe6 50. Qd8+ Qd7 51. Qf8+ Kd5 52. Qa8+ Ke6 53. Qf8
Qc6 54. Qg8+ Kf5 55. Qf7+ Ke4 56. Qxh7 Ke3 57. Qa7+ Ke2 58. Qg1 Qd7 59. Kb3
Qd5+ 60. Kc2 b4 61. Qd1+ neèitelné 1/2-1/2

[Event "International chess holiday K22"]
[Site "Praha"]
[Date "2012.07.22"]
[Round "1"]
[White "Hánl, František"]
[Black "Vítek , Jan"]
[Result "1/2-1/2"]
[ECO "A13"]
[WhiteElo "1911"]
[BlackElo "1970"]
[Annotator ",Martin"]
[PlyCount "38"]
[TimeControl "240+2"]

1. c4 e6 2. g3 c6 3. Bg2 d5 4. cxd5 exd5 5. b3 Nf6 6. Bb2
g6 7. d3 Bg7 8. Nd2 O-O 9. Ngf3 Na6 10. Rc1 Bd7 11. O-O Nc7 12. e4 dxe4 13.
dxe4 Re8 14. Ne5 Be6 15. h3 Nd7 16. Ndc4 Nxe5 17. Nxe5 Qxd1 18. Rcxd1 Rad8 19.
f4 f5 1/2-1/2

[Event "International chess holiday K22"]
[Site "Praha"]
[Date "2012.07.22"]
[Round "1"]
[White "Wolf, Ulrich"]
[Black "Lakoviè, Igor"]
[Result "1/2-1/2"]
[ECO "A30"]
[WhiteElo "2056"]
[BlackElo "1936"]
[Annotator ",Martin"]
[PlyCount "42"]
[TimeControl "240+2"]

1. Nf3 Nf6 2. c4 e6 3. b3 c5 4. Bb2 Be7
5. g3 b6 6. Bg2 Bb7 7. O-O O-O 8. e3 d6 9. d4 Nbd7 10. Nc3 Ne4 11. Qc2 Nxc3 12.
Bxc3 Nf6 13. Rad1 Be4 14. Qb2 Qc7 15. Nd2 Bxg2 16. Kxg2 Qb7+ 17. f3 Rfd8 18. e4
cxd4 19. Bxd4 Rac8 20. Rfe1 a6 21. Rc1 b5 1/2-1/2

[Event "International chess holiday K22"]
[Site "Praha"]
[Date "2012.07.22"]
[Round "1"]
[White "Bouèek, Vlastimil"]
[Black "Èisárik, Pavol"]
[Result "0-1"]
[ECO "C36"]
[WhiteElo "2008"]
[BlackElo "1728"]
[Annotator ",Martin"]
[PlyCount "66"]
[TimeControl "240+2"]

1. e4 e5 2. f4 exf4 3. Nf3 d5 4. exd5 Nf6 5. Bb5+ Bd7 6.
Bc4 Bd6 7. d4 Qe7+ 8. Kf1 O-O 9. Nc3 Bg4 10. Qd3 Re8 11. Bd2 Nbd7 12. Re1 Qf8
13. Ne2 Nb6 14. Nxf4 Rxe1+ 15. Nxe1 Bxf4 16. Bxf4 Nbxd5 17. Bd2 Re8 18. Nf3 Nb6
19. Bb3 Bxf3 20. gxf3 Qd6 21. c4 c5 22. d5 Nbd7 23. Qf5 Re5 24. Qf4 Nh5 25. Qh4
Qg6 26. Qf2 Qd3+ 27. Kg2 Re2 28. Rd1 Rxf2+ 29. Kxf2 Ne5 30. Be3 Qf5 31. Bxc5
Qxf3+ 32. Ke1 Nf4 33. Rd2 Ned3+ 0-1

[Event "International chess holiday K22"]
[Site "Praha"]
[Date "2012.07.22"]
[Round "1"]
[White "Krischke, Arnold"]
[Black "Bílek, Roman"]
[Result "1-0"]
[ECO "A37"]
[WhiteElo "2039"]
[BlackElo "1972"]
[Annotator ",Martin"]
[PlyCount "53"]
[TimeControl "240+2"]

1. c4 c5 2. g3 Nc6 3. Bg2 g6 4. Nc3 Bg7 5. Nf3 Nh6 6. e4
d6 7. d3 Ng4 8. h3 Nge5 9. Nxe5 dxe5 10. Be3 b6 11. Qd2 Bb7 12. O-O-O e6 13.
Bh6 O-O 14. h4 Bxh6 15. Qxh6 Qe7 16. f4 exf4 17. gxf4 Nd4 18. Rh2 f5 19. h5 Qg7
20. hxg6 hxg6 21. Rdh1 Bc6 22. Qg5 Rf7 23. Rh6 a6 24. Rxg6 b5 25. exf5 Bxg2 26.
Qxg2 Re8 27. f6 1-0

[Event "International chess holiday K22"]
[Site "Praha"]
[Date "2012.07.22"]
[Round "1"]
[White "Franìk, Jan"]
[Black "Borries, Barbara"]
[Result "1-0"]
[ECO "C51"]
[WhiteElo "1965"]
[BlackElo "1647"]
[Annotator ",Martin"]
[PlyCount "115"]
[TimeControl "240+2"]

1. e4 e5 2. Nf3 Nc6 3. Bc4 Bc5 4. b4 Bxb4 5. c3 Bd6 6. O-O
Nf6 7. d4 exd4 8. e5 Nxe5 9. Nxe5 Bxe5 10. Re1 d5 11. Rxe5+ Be6 12. Bb3 dxc3
13. Nxc3 c6 14. Qf3 Nd7 15. Re1 O-O 16. Bb2 Qf6 17. Qg3 Qg6 18. Qxg6 hxg6 19.
Ne2 Rfe8 20. Nd4 Nc5 21. Bc2 Bd7 22. f3 a5 23. Kf2 b5 24. Rac1 b4 25. Ba1 Rac8
26. Bxg6 Na4 27. Bf5 Bxf5 28. Nxf5 Rxe1 29. Kxe1 Re8+ 30. Kd2 c5 31. Bxg7 d4
32. Bxd4 cxd4 33. Nxd4 Nc3 34. Rc2 Rc8 35. Kd3 Kf8 36. a3 Ke8 37. axb4 axb4 38.
Nb5 Rd8+ 39. Kc4 Rc8+ 40. Kb3 Kd7 41. Nxc3 bxc3 42. Rxc3 Rb8+ 43. Kc2 Ke6 44.
h4 Kf6 45. Kd3 Re8 46. Rc4 Kg6 47. g4 Kf6 48. Re4 Rd8+ 49. Ke3 Ra8 50. Kf4 Kg6
51. h5+ Kg7 52. g5 Ra7 53. Kf5 Ra5+ 54. Re5 Ra7 55. f4 Rb7 56. h6+ Kf8 57. Rc5
Ke7 58. h7 1-0